 Dungeon Crawl Stone Soup version 0.30-a0-859-gf88a04b62d (webtiles) character file.

Game seed: 8197950734663676739

12009 MacCMillion the Skirmisher (level 11, -2/60 HPs)
             Began as a Spriggan Hunter on Mar 6, 2023.
             Was an Elder of Dithmenos.
             Succumbed to a guardian serpent's bolt of poison
             ... on level 10 of the Dungeon.
             The game lasted 00:26:02 (19530 turns).

MacCMillion the Skirmisher (Spriggan Hunter)       Turns: 19530, Time: 00:26:03

Health: -2/60      AC:  9    Str:  7    XL:     11   Next: 56%
Magic:  12/12      EV: 24    Int: 11    God:    Dithmenos [****..]
Gold:   594        SH:  0    Dex: 23    Spells: 10/10 levels left

rFire   + . .      SeeInvis +    a - +1 shortbow
rCold   . . .      Faith    .    (shield currently unavailable)
rNeg    . . .      Spirit   .    J - +0 acid dragon scales
rPois   .          Reflect  .    e - +0 hat
rElec   .          Rampage  .    D - +2 cloak {Stlth+}
rCorr   +                        (gloves unavailable)
Will    +....                    (boots unavailable)
Stlth   +++++                    s - amulet of the acrobat
HPRegen 0.30/turn                l - ring of resist corrosion
MPRegen 0.13/turn                A - ring "Zazycw" {rF+ rCorr}

@: lethally poisoned (-2 -> -13), wreathed by umbra, very quick
A: very small, no large weapons, unfitting armour, see invisible, speed 3
a: Renounce Religion, Shadow Step


You were on level 10 of the Dungeon.
You worshipped Dithmenos.
Dithmenos was greatly pleased with you.
You visited 2 branches of the dungeon, and saw 12 of its levels.

You collected 594 gold pieces.

Inventory:

Hand Weapons
 a - a +1 shortbow (weapon)
Missiles
 x - a throwing net
Armour
 e - a +0 hat (worn)
 D - a +2 cloak of stealth (worn)
 I - a +1 robe of the Archmagi
 J - +0 acid dragon scales (worn)
Jewellery
 g - a ring of wizardry
 l - a ring of resist corrosion (left hand)
 o - an amulet of reflection
 s - an amulet of the acrobat (around neck)
 A - the ring "Zazycw" (right hand) {rF+ rCorr}
   (You found it on level 6 of the Dungeon)

   [ring of resist corrosion]

   rF:        It protects you from fire.
   rCorr:     It protects you from acid and corrosion.
Wands
 v - a wand of polymorph (7)
 y - a wand of quicksilver (10)
 H - a wand of roots (16)
 K - a wand of charming (4)
 O - a wand of mindburst (7)
Scrolls
 b - 2 scrolls of immolation
 f - 3 scrolls of teleportation
 k - 3 scrolls of enchant weapon
 m - a scroll of poison
 u - a scroll of enchant armour {unknown}
 B - a scroll of blinking {unknown}
 E - a scroll of fog {unknown}
 F - a scroll of vulnerability {unknown}
 L - a scroll of identify
 N - a scroll of amnesia {unknown}
Potions
 c - a potion of haste {unknown}
 d - 9 potions of heal wounds
 h - a potion of flight
 j - a potion of cancellation {unknown}
 p - a potion of resistance {unknown}
 q - a potion of invisibility {unknown}
 r - 2 potions of brilliance {unknown}
 t - 2 potions of attraction {unknown}
 w - a potion of magic {unknown}
 z - 2 potions of mutation {unknown}
 C - 2 potions of berserk rage
 G - 3 potions of might {unknown}
 M - a potion of ambrosia {unknown}


   Skills:
 + Level 8.0 Fighting
 * Level 14.5 Ranged Weapons
 + Level 10.0 Dodging
 + Level 4.1 Stealth


You had 10 spell levels left.
You didn't know any spells.
Your spell library contained the following spells:

 Spells                   Type           Power      Damage    Failure   Level
 Slow                     Hex            0%         N/A       56%         1
 Blink                    Tloc           0%         N/A       71%         2
 Ensorcelled Hibernation  Hex/Ice        0%         N/A       71%         2
 Lesser Beckoning         Tloc           0%         N/A       71%         2
 Momentum Strike          Conj/Tloc      0%         3d8       71%         2
 Passwall                 Tmut/Erth      0%         N/A       71%         2
 Confusing Touch          Hex            0%         N/A       90%         3
 Dazzling Flash           Conj/Hex       0%         N/A       90%         3
 Swiftness                Air            0%         N/A       90%         3
 Vampiric Draining        Necr           0%         2d6       90%         3
 Airstrike                Air            0%         2d(0-16)  100%        4
 Cause Fear               Hex            0%         N/A       100%        4
 Summon Lightning Spire   Summ/Air       0%         N/A       100%        4
 Agony                    Necr           0%         N/A       100%        5
 Lightning Bolt           Conj/Air       0%         1d11      100%        5
 Silence                  Hex/Air        0%         N/A       100%        5
 Dragon Form              Tmut           0%         N/A       100%        7
 Dragon's Call            Summ           0%         N/A       100%        9


Dungeon Overview and Level Annotations

Branches:
Dungeon (11/15)            Temple (0/1) D:5            Lair (1/5) D:10
    Orc: D:9-12

Altars:
Ashenzari
Dithmenos
Gozag
Kikubaaqudgha
Makhleb
Nemelex Xobeh
Okawaru
Trog
Uskayaw
Vehumet
Wu Jian
Xom
Zin

Shops:
D:1 (   D:7 (   D:9 [

Annotations:
D:11 Erolcha


Innate Abilities, Weirdness & Mutations

You are very small and have problems with some larger weapons.
You are too small for most types of armour.
You have supernaturally acute eyesight. (SInv)
You cover ground extremely quickly. (Speed+++)


Message History

The guardian serpent is lightly wounded.
You shoot an arrow.
The arrow closely misses the guardian serpent.
You shoot an arrow. The arrow hits the guardian serpent.
The guardian serpent is moderately wounded.
The guardian serpent hits you!!
You shoot an arrow. The arrow misses the guardian serpent.
The guardian serpent coils itself and waves its upper body at you.
The bolt of poison hits you!
You are poisoned.
You feel sick.
You shoot an arrow.
The arrow hits the guardian serpent but does no damage.
The guardian serpent is moderately wounded.
You feel sick. The guardian serpent hits you.
You are too injured to fight recklessly!
You are too injured to fight recklessly!
You feel sick.
You feel sick.
You feel sick.
Press: ? - help, v - describe, . - travel The floor.
This square is wreathed by an umbra.
You feel sick.
The guardian serpent coils itself and waves its upper body at you.
The bolt of poison misses you.
You feel sick.
You are too injured to fight recklessly!
You feel sick.
The guardian serpent coils itself and waves its upper body at you.
The bolt of poison hits you!
You are more poisoned.
* * * LOW HITPOINT WARNING * * *
There is a staircase back to the Dungeon here.
* * * LOW HITPOINT WARNING * * *
You feel very sick. The guardian serpent hits you!
* * * LOW HITPOINT WARNING * * *
You climb upwards.
Welcome back to the Dungeon!
You die...

###..#######..........## #....
#....##.............# #....
##..............~....### #....
#..####................# #....
#..# #....#.....#.#....####....
##.####......##..##......##.....
#..##~.....###...###......#.....
##...#....#...............##....#
#...............@...............#
.............#.....#..#...#.....#
...#......~.###...#........#...##
#####.(......#.#.###......#.....#
##.#....#.#.....#.....#......
##.......................#..
##........##.....#......#.)
##.............~>.....#...
##.~.....................


There were no monsters in sight!

Vanquished Creatures
  A hydra (D:10)
  An oklob plant (Lair:1)
  Joseph (D:8)
  A cane toad (Lair:1)
  An unseen horror (D:10)
  A kobold demonologist (D:10)
  Psyche (D:8)
  A rime drake (D:10)
  A komodo dragon (D:10)
  A polar bear (D:10)
  A hornet (D:7)
  A shadow (D:10)
  A vampire (D:11)
  4 wyverns
  12 yaks
  2 wraiths
  Eustachio (D:6)
  Grum (D:8)
  2 acid dragons
  3 water moccasins
  2 orc warriors (D:7)
  5 black bears
  5 ice beasts (D:10)
  4 sky beasts
  5 wolves
  2 centaurs
  An ogre (D:5)
  3 kobold brigands
  2 gnoll sergeants
  4 bullfrogs
  2 scorpions
  13 wights
  2 killer bees (D:9)
  9 howler monkeys
  2 lava snakes (D:7)
  6 orc priests
  7 hounds
  2 jellies
  Crazy Yiuf (D:7)
  Terence (D:3)
  2 iguanas
  Natasha (thrice) (D:4)
  7 orc wizards
  12 gnolls
  3 adders
  A shadow imp (D:6)
  3 white imps
  2 ufetubi (D:4)
  3 dart slugs
  32 orcs
  7 ball pythons
  3 bats
  7 endoplasms
  2 giant cockroaches
  7 goblins
  5 hobgoblins
  8 jackals
  3 quokkas
  2 frilled lizards
  15 kobolds
  6 rats
249 creatures vanquished.

Vanquished Creatures (others)
  A wizard (D:10)
  An orc wizard (D:8)
2 creatures vanquished.

Grand Total: 251 creatures vanquished

Notes
Turn   | Place    | Note
-------+----------+-------------------------------------------
     0 | D:1      | MacCMillion the Spriggan Hunter began the quest for the
                  | Orb.
     0 | D:1      | Reached XP level 1. HP: 10/10 MP: 2/2
   188 | D:1      | Reached XP level 2. HP: 14/14 MP: 3/3
   281 | D:1      | Found Hoxzol's Antique Weapon Boutique.
   832 | D:2      | Reached XP level 3. HP: 18/18 MP: 4/4
  1315 | D:3      | Noticed Terence
  1319 | D:3      | Killed Terence
  1320 | D:3      | Reached skill level 5 in Ranged Weapons
  1462 | D:3      | Found a shadowy altar of Dithmenos.
  1465 | D:3      | Reached XP level 4. HP: 22/22 MP: 5/5
  1473 | D:3      | Became a worshipper of Dithmenos the Shadowed
  1779 | D:3      | Found an iron altar of Okawaru.
  1989 | D:4      | Found an opulent altar of Gozag.
  1995 | D:4      | Reached * piety under Dithmenos
  2041 | D:4      | Reached skill level 6 in Ranged Weapons
  2041 | D:4      | Reached XP level 5. HP: 25/25 MP: 6/6
  2330 | D:4      | Noticed Natasha
  2334 | D:4      | Killed Natasha
  2470 | D:4      | Noticed Natasha
  2475 | D:4      | Killed Natasha
  2701 | D:4      | Found an ornate altar of the Wu Jian Council.
  2759 | D:4      | Reached skill level 7 in Ranged Weapons
  2759 | D:4      | Reached XP level 6. HP: 30/30 MP: 7/7
  3006 | D:4      | Found an opulent altar of Gozag.
  3033 | D:4      | Found an ornate altar of the Wu Jian Council.
  3922 | D:4      | Noticed Natasha
  3928 | D:4      | Killed Natasha
  4137 | D:4      | Found an opulent altar of Gozag.
  4164 | D:4      | Found an ornate altar of the Wu Jian Council.
  4878 | D:4      | Found an ornate altar of the Wu Jian Council.
  5002 | D:4      | Found an opulent altar of Gozag.
  5717 | D:4      | Found an ornate altar of the Wu Jian Council.
  5841 | D:4      | Found an opulent altar of Gozag.
  6174 | D:5      | Entered Level 5 of the Dungeon
  6484 | D:4      | Reached skill level 8 in Ranged Weapons
  6517 | D:5      | Noticed a water moccasin
  6818 | D:5      | Reached XP level 7. HP: 33/33 MP: 8/8
  7214 | D:5      | Found a staircase to the Ecumenical Temple.
  7575 | D:5      | Reached skill level 9 in Ranged Weapons
  7816 | D:6      | Found a shimmering altar of Xom.
  8187 | D:5      | Reached XP level 8. HP: 33/37 MP: 9/9
  8407 | D:6      | Reached skill level 10 in Ranged Weapons
  8726 | D:6      | Reached ** piety under Dithmenos
  9052 | D:6      | Noticed Eustachio
  9107 | D:6      | Killed Eustachio
  9127 | D:6      | Found a broken altar of Ashenzari.
  9128 | D:6      | Identified the ring "Zazycw" {rF+ rCorr}
  9179 | D:6      | Reached skill level 5 in Fighting
  9810 | D:7      | Reached XP level 9. HP: 33/47 MP: 10/10
 10163 | D:7      | Reached skill level 11 in Ranged Weapons
 10448 | D:7      | Noticed a boulder beetle
 10549 | D:7      | Found a runed translucent door.
 10550 | D:7      | Noticed Crazy Yiuf
 10563 | D:7      | Killed Crazy Yiuf
 11039 | D:7      | Found Aroefet's Weapon Shop.
 11238 | D:8      | Found a glowing silver altar of Zin.
 11242 | D:8      | Noticed Psyche
 11259 | D:8      | Noticed Grum
 11755 | D:8      | Noticed Joseph
 12267 | D:8      | Reached skill level 5 in Dodging
 12705 | D:8      | Killed Psyche
 12706 | D:8      | Reached skill level 12 in Ranged Weapons
 12848 | D:8      | Killed Grum
 12849 | D:8      | Reached XP level 10. HP: 53/53 MP: 11/11
 13293 | D:8      | Found an ancient bone altar of Kikubaaqudgha.
 13610 | D:8      | HP: 2/53 [Joseph/sling bullet (5)]
 14010 | D:8      | Killed Joseph
 14101 | D:8      | Found a radiant altar of Vehumet.
 14187 | D:8      | Found a hide-covered altar of Uskayaw.
 14339 | D:7      | Paralysed by a hornet for 1 turns
 14352 | D:7      | HP: 2/53 [hornet (16)]
 14814 | D:7      | Reached *** piety under Dithmenos
 14980 | D:7      | Found Aroefet's Weapon Shop.
 15750 | D:9      | Reached skill level 13 in Ranged Weapons
 15764 | D:9      | Found Wopn's Armour Shoppe.
 16440 | D:9      | Found a sparkling altar of Nemelex Xobeh.
 16896 | D:9      | Found a burning altar of Makhleb.
 17191 | D:10     | Entered Level 10 of the Dungeon
 17263 | D:10     | Found a bloodstained altar of Trog.
 17264 | D:10     | Noticed a wizard
 17271 | D:10     | Killed a wizard
 17460 | D:10     | Reached XP level 11. HP: 58/58 MP: 12/12
 17514 | D:10     | Found a staircase to the Lair.
 17717 | D:10     | Noticed a four-headed hydra
 17776 | D:10     | Killed a four-headed hydra
 17853 | D:10     | Reached skill level 14 in Ranged Weapons
 18714 | D:10     | Reached **** piety under Dithmenos
 18909 | D:11     | Noticed Erolcha
 19037 | Lair:1   | Entered Level 1 of the Lair of Beasts
 19037 | Lair:1   | Noticed an oklob plant
 19047 | Lair:1   | Killed an oklob plant
 19079 | Lair:1   | Reached skill level 10 in Dodging
 19529 | Lair:1   | HP: 2/60 [guardian serpent (10)]
 19530 | D:10     | Succumbed to a guardian serpent's bolt of poison

Illustrated notes

Levels and vault maps discovered:
D:1:      saegor_arrival_simple_e, layout_basic, serial_shops, shop,
          eino_curves_01
D:2:      layout_loops_ring
D:3:      layout_basic, nicolae_dithmenos_shadow_blocks,
          okawaru_altar_gauntlet_db, uniq_terence
D:4:      layout_cave_pods, nzn_wu_jian_council_hall,
          nicolae_gozag_seed_capital, hangedman_decor_growths, minmay_puff,
          uniq_natasha
D:5:      layout_basic, temple_fountains
D:6:      layout_layer_cave, evilmike_ruin_ashenzari,
          brannock_xom_greatest_gift, uniq_eustachio
D:7:      layout_loops_cross, serial_shops, kennysheep_mini_moat,
          kennysheep_diamond, uniq_crazy_yiuf_cottage
D:8:      layout_cave_pools, nicolae_uskayaw_dance_studio,
          mainiacjoe_overflow_large_starburst, mainiacjoe_overflow_alcove_1,
          minmay_orc_keep, uniq_joseph, uniq_grum, uniq_psyche
D:9:      minmay_spotlight, layout_long_grid, overflow_temple_1_default,
          lemuel_tele_altar, serial_shops, kennysheep_little_box
D:10:     layout_layer_cave, trog_wizard, hellmonk_lair_entry_icy, st_stairs_9
D:11:     layout_basic, kennysheep_orc_monster_closet_entryway, uniq_lodul,
          uniq_erolcha
Lair:1:   layout_layer_cave, dpeg_stationary_puzzle, grunt_megastairs_3

Skill      XL: |  1  2  3  4  5  6  7  8  9 10 11 |
---------------+----------------------------------+-----
Stealth        | 2 3 4 |  4.1
Ranged Weapons | 5 6 7 8 9 10 12 13 14 | 14.5
Fighting       | 5 6 7 8 |  8.0
Dodging        | 3 6 8 10 | 10.0

Action                     |  1- 3 |  4- 6 |  7- 9 | 10-12 || total
---------------------------+-------+-------+-------+-------++-------
  Melee: Unarmed           |       |       |     1 |     6 ||     7
   Fire: Shortbow          |    81 |   158 |   556 |   638 ||  1433
  Evoke: Wand              |       |       |       |     1 ||     1
    Use: Scroll            |       |       |     8 |     2 ||    10
         Potion            |       |       |       |     6 ||     6
 Armour: Robe              |     3 |     7 |    33 |     6 ||    49
         Acid dragon scale |       |       |       |    16 ||    16
  Dodge: Dodged            |    10 |    61 |   281 |   267 ||   619

Table legend: (Time is in decaauts)
 A = Elapsed time spent in this place.
 B = Non-inter-level travel time spent in this place.
 C = Inter-level travel time spent in this place.
 D = Time resting spent in this place.
 E = Time spent auto-exploring this place.
 F = Levels seen in this place.
 G = Mean time per level.
                   A        B        C        D        E       F      G
               +--------+--------+--------+--------+--------+-----+--------+
         Total |  14374 |  13698 |    676 |   3933 |   6993 |  12 | 1197.8 |
       Dungeon |  14094 |  13418 |    676 |   3739 |   6975 |  11 | 1281.3 |
          Lair |    279 |    279 |      0 |    194 |     18 |   1 |  279.0 |
               +--------+--------+--------+--------+--------+-----+--------+

Top non-repeatable levels by time:
     D:7: 3409 daAuts
     D:4: 3140 daAuts
     D:6: 1445 daAuts
    D:10: 1400 daAuts
     D:8: 1336 daAuts
     D:5: 1084 daAuts
     D:9: 828 daAuts
     D:1: 482 daAuts
     D:3: 462 daAuts
     D:2: 363 daAuts
  Lair:1: 279 daAuts
    D:11: 140 daAuts
